Cogmind - Beta 17 @@@ ROGUE MODE // 2026.06.24 @ 17:48:09 // Halloween2019/Abominations Player: Minty Result: Destroyed by Lesser Abomination with Etherial Claws Performance ------------- Evolutions (0) 0 Regions Visited (1) 200 Robots Destroyed (6) 30 Value Destroyed (268) 268 Prototype IDs (0) 0 Alien Tech Used (0) 0 Bonus (0) 0 TOTAL SCORE: 498 Bonus ------- None Cogmind --------- Core Integrity 0/250 Matter 226/300 Energy 125/125 System Corruption 1% Temperature Cool (95) Movement Treading (160) Location -10/Materials Parts ------- > --- POWER (1) -------- Light Ion Engine > --- PROPULSION (2) --- Light Treads Light Treads > --- UTILITY (2) ------ Small Storage Unit Core Shielding > --- WEAPON (2) ------- Medium Laser Medium Laser > --- INVENTORY (8) ---- Compact Wheel Core Shielding Medium Laser Medium Laser Grenade Launcher Mining Claw Peak State ------------ > --- POWER ------------ Light Ion Engine > --- PROPULSION ------- Aluminum Leg Wheel > --- UTILITY ---------- Small Storage Unit Hacking Suite > --- WEAPON ----------- Medium Laser Small Laser > --- INVENTORY -------- Light Treads Light Treads Compact Wheel Light Assault Rifle Grenade Launcher [Rating: 9] Favorites ----------- Power Light Ion Engine Engine Light Ion Engine Propulsion Light Treads Treads Light Treads Leg Aluminum Leg Wheel Wheel Utility Small Storage Unit Storage Small Storage Unit Hackware Hacking Suite Protection Core Shielding Weapon Medium Laser Energy Gun Medium Laser Launcher Grenade Launcher Build | -11 -10 ------- Run | Yrd Mat Slots Evolved . | . . Power . | . . Propulsion . | . . Utility . | . . Weapon . | . . Parts Attached 11 | . 11 Power 1 | . 1 Engine 1 | . 1 Core . | . . Reactor . | . . Propulsion 4 | . 4 Treads 2 | . 2 Leg . | . . Wheel 2 | . 2 Hover . | . . Flight . | . . Utility 2 | . 2 Device . | . . Storage . | . . Processor . | . . Hackware 1 | . 1 Protection 1 | . 1 Artifact . | . . Weapon 4 | . 4 Energy Gun 3 | . 3 Energy Cannon . | . . Ballistic Gun . | . . Ballistic Cannon . | . . Launcher 1 | . 1 Special Weapon . | . . Impact Weapon . | . . Slashing Weapon . | . . Piercing Weapon . | . . Special Melee Weapon . | . . Unidentified Prototypes . | . . Parts Lost 2 | . 2 Power 1 | . 1 Propulsion 1 | . 1 Utility . | . . Weapon . | . . Highest Loss Streak 2 | . 2 To Critical Strikes . | . . Average Backups 6 | . 6 Power . | . . Propulsion 2 | . 2 Utility . | . . Weapon 3 | . 3 Tool/Special . | . . Unused Backups 11 | . 11 Power 1 | . 1 Propulsion 3 | . 3 Utility 2 | . 2 Weapon 5 | . 5 Tool/Special . | . . Average Slot Usage (%) 89 | . 89 Engine 13 | . 13 Treads 9 | . 9 Leg 10 | . 10 Wheel 7 | . 7 Storage 14 | . 14 Hackware 7 | . 7 Protection 4 | . 4 Energy Gun 19 | . 19 Launcher 3 | . 3 Peak Build Rating 9 | . 9 Average Rating 7 | . 7 On Entrance 6 | 6 6 Avg Prop Armor Cover (%) 12 | . 12 Naked Turns . | . . Heaviest Build 14 | 13 14 Greatest Support 40 | 20 40 Greatest Overweight (x) 1 | . 1 Average Overweight (x) . | . . Largest Inventory Capacity 8 | . 8 Average Capacity 8 | . 8 Most Carried 8 | . 8 Average Carried 6 | . 6 Final Capacity 8 | 8 8 Final Carried 6 | 6 6 Class Distribution -------------------- 100% | Mutant Dominant Class ---------------- Mutant | -10/Materials Resources | -11 -10 ----------- Run | Yrd Mat Matter Collected 286 | 200 86 Remotely . | . . Salvage Created 190 | . 190 Parts 10 | . 10 Haulers Intercepted . | . . Recyclers Shooed . | . . Parts Field Recycled . | . . Retrieved Matter . | . . Parts Self-Destructed . | . . Prevented . | . . Parts Restored . | . . Kills | -11 -10 ------- Run | Yrd Mat Combat Hostiles Destroyed 6 | . 6 Guns 3 | . 3 AOE 3 | . 3 Classes Destroyed 3 | . 3 Swarmer 1 | . 1 Grunt 2 | . 2 Abomination 3 | . 3 Best Kill Streak 2 | . 2 Combat Bots Only 2 | . 2 Max Kills in Single Turn 1 | . 1 Gunslinging . | . . Exploded 1 | . 1 Melee . | . . Uniques/NPCs Destroyed . | . . Combat | -11 -10 -------- Run | Yrd Mat Hostile Shots Fired 43 | . 43 Missed 12 | . 12 Hits 31 | . 31 Melee 17 | . 17 Projectile 14 | . 14 Critical Strikes 3 | . 3 Damage Taken 786 | . 786 Core 264 | . 264 Absorbed by Shields . | . . Redirected to Shielding 18 | . 18 Core Remaining (%) 100 | 100 . Volleys Fired 38 | . 38 Largest 2 | . 2 Hottest 90 | . 90 Shots Fired 45 | . 45 Gun 41 | . 41 Cannon . | . . Launcher 4 | . 4 Special . | . . Kinetic . | . . Thermal 41 | . 41 Explosive 4 | . 4 Electromagnetic . | . . Robot Hit Streak 8 | . 8 Robot Miss Streak 2 | . 2 Penetration Max . | . . Secondary Targets . | . . Shots Hit Robots 33 | . 33 Core Hits 16 | . 16 Critical Kills . | . . Critical Parts Destroyed . | . . Critical Strikes 2 | . 2 Burn 2 | . 2 Melee Attacks . | . . Impact . | . . Slashing . | . . Piercing . | . . Sneak Attacks . | . . Combat Hostiles . | . . Follow-up Attacks . | . . Damage Inflicted 585 | . 585 Guns 456 | . 456 Cannons . | . . Explosions 129 | . 129 Melee . | . . Ramming . | . . Kinetic . | . . Thermal 456 | . 456 Explosive 129 | . 129 Electromagnetic . | . . Impact . | . . Slashing . | . . Piercing . | . . Highest Corruption 1 | . 1 Average Corruption 1 | . 1 Corruption Purged . | . . Corruption Blocked . | . . Effects 1 | . 1 Data Loss (minor) 1 | . 1 Overload Shots . | . . Overflow Damage . | . . Projectiles . | . . Explosions . | . . Melee . | . . Knockbacks . | . . Impact . | . . Kinetic . | . . Secondary . | . . Self-Inflicted Damage 36 | . 36 Shots 1 | . 1 Rammed . | . . Targets Rammed . | . . Kicked . | . . Crushed . | . . Highest Temperature 129 | . 129 Average Temperature 58 | . 58 Received Heat Transfer 69 | . 69 Siege Activations . | . . Martial Activations . | . . Shielding Activations . | . . Robots Disrupted . | . . Combat Hostiles . | . . Robots Corrupted . | . . Combat Hostiles . | . . Parts Fried . | . . Impact Corruptions . | . . Robots Melted . | . . Combat Hostiles . | . . Parts Melted 3 | . 3 Heat Transferred 384 | . 384 Parts Sabotaged . | . . Parts Stolen . | . . Parts Stripped . | . . Power Chain Reactions . | . . Alert | -11 -10 ------- Run | Yrd Mat Maximum Alert Level . | . . Low Security (%) 100 | . 100 Level 1 . | . . Level 2 . | . . Level 3 . | . . Level 4 . | . . Level 5 . | . . High Security . | . . Max Security . | . . Peak Influence 47 | . 47 Initial . | . . Average 14 | . 14 Influence Increases 127 | . 127 Destroy 0b10 Robot/C 60 | . 60 Destroy Leader 20 | . 20 Disable Machine 15 | . 15 Destroy Structure 32 | . 32 Influence Decreases 110 | . 110 Time Decay 110 | . 110 Squads Dispatched 6 | . 6 Investigation 2 | . 2 Extermination . | . . Reinforcement 3 | . 3 Assault 1 | . 1 Garrison . | . . Intercept . | . . Searches Triggered . | . . Construction Impeded . | . . Haulers Reinforced . | . . Active Scanning Responses . | . . Cargo Convoy Interrupts . | . . Stealth | -11 -10 --------- Run | Yrd Mat Distress Signals 5 | . 5 Communications Jammed . | . . Distress Signals . | . . Times Spotted 8 | . 8 Peak Tracking Total 3 | . 3 Tactical Retreats . | . . Traps | -11 -10 ------- Run | Yrd Mat Traps Triggered 1 | . 1 Indirectly . | . . Trap Hack Attempts . | . . Triggered . | . . Disarmed . | . . Reprogrammed . | . . Reused . | . . Traps Extracted . | . . Installed . | . . Triggered . | . . Machines | -11 -10 ---------- Run | Yrd Mat Machines Disabled 1 | . 1 Max in Single Turn 1 | . 1 Machines Repaired . | . . Machines Dismantled . | . . Machines Sabotaged . | . . Overloaded Fab Kills . | . . Hacking | -11 -10 --------- Run | Yrd Mat Machines Accessed 2 | . 2 Terminals 2 | . 2 Fabricators . | . . Repair Stations . | . . Recycling Units . | . . Scanalyzers . | . . Garrison Access . | . . Total Hacks 13 | . 13 Successful 7 | . 7 Failed 6 | . 6 Catastrophic 1 | . 1 Database Lockouts . | . . Manual 8 | . 8 Terminals 13 | . 13 Fabricators . | . . Repair Stations . | . . Recycling Units . | . . Scanalyzers . | . . Garrison Access . | . . Terminal Hacks 6 | . 6 Robot Analysis 2 | . 2 Terminal Index 1 | . 1 Locate Traps 1 | . 1 Patrol Status 1 | . 1 Zone Layout 1 | . 1 Fabricator Hacks . | . . Repair Station Hacks . | . . Recycling Unit Hacks . | . . Scanalyzer . | . . Garrison Access Hacks . | . . Unauthorized Hacks 1 | . 1 Terminals 1 | . 1 Track 1 | . 1 Fabricators . | . . Repair Stations . | . . Recycling Units . | . . Scanalyzers . | . . Garrison Access . | . . Data Cores Recovered . | . . Used . | . . Hacking Detections 2 | . 2 Full Trace Events 1 | . 1 Feedback Events . | . . Feedback Blocked . | . . Robot Schematics Acquired . | . . Robots Built . | . . Authchips . | . . Time . | . . Total Robot Build Rating . | . . Part Schematics Acquired . | . . Parts Built . | . . Authchips . | . . Time . | . . Total Part Build Rating . | . . Part Studies Acquired . | . . Parts Repaired . | . . Time . | . . Parts Recycled . | . . Recycled Matter . | . . Retrieved Matter . | . . Retrieved Components . | . . Parts Scanalyzed . | . . Part Schematics Acquired . | . . Parts Damaged . | . . Bothacking | -11 -10 ------------ Run | Yrd Mat Used RIF Installer . | . . Robots Hacked . | . . Non-combat . | . . Combat . | . . Robot Hacks Applied . | . . Relay Couplers Released . | . . Fabnet Peak Effective % . | . . Robots Rewired . | . . Allies Hacked . | . . Hacks Repelled . | . . Allies | -11 -10 -------- Run | Yrd Mat Total Allies . | . . Largest Group . | . . Highest-Rated Group . | . . Highest-Rated Ally . | . . Total Orders . | . . Ally Attacks . | . . Total Damage . | . . Kills . | . . Allies Corrupted . | . . Allies Melted . | . . Intel | -11 -10 ------- Run | Yrd Mat Active Infowar (turns) . | . . Robot Analysis Total 2 | . 2 Derelict Logs Recovered . | . . Drone Launches . | . . Drone Recoveries . | . . Exploration | -11 -10 ------------- Run | Yrd Mat Turns Passed 347 | . 347 Spaces Moved 222 | 1 221 Core . | . . Treads 49 | . 49 Legs 32 | 1 31 Wheels 141 | . 141 Hover . | . . Flight . | . . Fastest Speed 80 | 120 80 Average Speed 105 | 120 105 Slowest Speed 190 | 120 190 Overloaded Moves . | . . Propulsion Burnouts . | . . Robots Hopped . | . . Potential Cave-ins . | . . Cave-ins Triggered . | . . Exploration Rate (%) 25 | 1 50 Regions Visited 1 Branch Regions . Pre-discovered Areas . | . . Known Exits Taken . | . . Unknown Exits Taken 1 | 1 . Scrap Searched . | . . Spaces Dug . | . . Terrain Destroyed 28 | . 28 Melee . | . . Projectile . | . . AOE 28 | . 28 Terrain Rammed . | . . Walls Destroyed . | . . Machines Disabled . | . . Actions | -11 -10 --------- Run | Yrd Mat Total 285 | . 285 Wait . | . . Move 221 | . 221 Hop . | . . Pick Up 5 | . 5 Fast Attach 3 | . 3 Attach 5 | . 5 Detach 3 | . 3 Swap 4 | . 4 Drop 6 | . 6 Fire 38 | . 38 Melee . | . . Ram . | . . Kick . | . . Crush . | . . Escape Stasis . | . . Rewire . | . . Trap . | . . Miscellaneous . | . . Route ------- -11/Scrapyard -10/Materials (discovered 2 exits: [*Mat x2]) History --------- Turn | Location | Event 1 | -11/Scrapyard | Discovered new exit (range 0) 1 | -11/Scrapyard | Entered Materials 37 | -10/Materials | Core integrity fell below 50% 164 | -10/Materials | Discovered new exit (range 14) 291 | -10/Materials | Discovered new exit (range 12) 326 | -10/Materials | Build established: Mutant 341 | -10/Materials | Core integrity fell below 20% 348 | -10/Materials | Destroyed by Lesser Abomination with Etherial Claws Last Messages --------------- 00274_ K-01 Serf collects debris. 00277_ U-05 Engineer builds a Wall. 00291_ EXIT=FOUND 00291_ Hadron Collector disabled. 00291_ G-34 Mercenary destroyed. 00292_ K-01 Serf collects debris. 00305_ Dropped Lgt. Assault Rifle. 00305_ Dropped Sml. Laser. 00309_ Destroyed Hacking Suite. 00317_ Parts repaired by Paradox Anomaly. 00328_ Lgt. Assault Rifle blinks away. 00329_ Lesser Abomination destroyed. 00331_ Acquired 26 matter. 00333_ Forced to warp away. 00336_ Lesser Abomination absorbs Wheel. 00338_ Lesser Abomination suffers critical hit (Burn). 00340_ Destroyed Lgt. Ion Engine. 00342_ The unstable cave ceiling collapses. 00342_ Destroyed Wheel. 00345_ Lesser Abomination absorbs Aluminum Leg. Map ----- +----------------------------------------------------+ | #????????????????????????????????? | | #????????? ?????????????????????? | | #????????? ???"????????????????? | | #???????? """????????????????? | | #???????? """ ???????????????? | | ?????????? ???????????????? | | ####???????# ??????????????? | | ????????# ##????????????? | | ??????????? # ????????????? | | ??????????###"#"" # ?##?????????? | | ????######?# " # # ###???????? | | ????# #???# """"#######???????? | | ????# #???# " = [ ##???????? | | ????# #???### """"= ##???????? | | ????# #???# # """" ##???????? | | ""### ##??#=# """" ##???????? | | = #?? # ##???????? | | !! ####"# " "" ##???????? | | =[ "# "" ##???????? | | "## = "" "# "" ##???????? | | ?# ## "T "#% #######??? | | ??###### "" ##+#####+## #??? | | ????????# + % #??? | | ?????????# # % #??? | | ?????????# # #??? | | ?????????# = #+ # @ #??? | | ?????????# #% A# ##??? | | ?????????###### # #???? | | ??????????????# ?# #???? | | ??????????????# ? < #???? | | ??????????????# ?? #???? | | ??????????????# ?#####???? | | ????????????? % ??????????? | | ?????????????# %??????????? | | ?????????????##### ??#?????????? | | ?????????????????####????????????? | | ?????????????????????????????????? | | | | | | | | | | | | | | | | | | | | | | | | | | | +----------------------------------------------------+ Best States ------------- Heat Dissipation 25 Energy Generation 10 Energy Capacity 250 Matter Stores 300 Matter Capacity 300 Sight Range 16 Terrain Scan Density 10 Core Shielding 20 Evasion (%) 55 Recoil Reduction 2 Offensive Hacking 10 Item Schematics ----------------- None Robot Schematics ------------------ None Fabricated ------------ Nothing Repaired ---------- Nothing Studied --------- None Alien Tech Used ----------------- None Achievements -------------- None Challenges ------------ None Game ------ Seed TeleporterFireLoader Manual? 0 Play Time 00:06:47 Cumulative 1327.8 hours Start 2026.06.24 @ 17:44:18 End 2026.06.24 @ 17:48:09 Sessions 1 Manual Loads 0 Difficulty Rogue Special Mode Halloween2019/Abominations Game No. 1626 Rogue 1342 Adventurer 124 Explorer 160 Win Type - Total 66 Types 51/0/9/4/1/0/0/1/0/0 Lore% 93 Gallery% 83 Achievement% 71 Wizard Run 0 Options --------- Layout 0 ASCII 0 Keyboard 1 Movement Numpad Keybinds 0 Fullscreen 2 Font 18/X11 Map View 76x50 Zoom Use 0% Tactical HUD 1 Map Filters NONE Filters NONE Steam 1 RUN: de5c4161-2d81-4bff-87c4-335858d9df0e